 Dungeon Crawl Stone Soup version 0.31-a0-229-g1fc7ce93e2 (webtiles) character file.

Game seed: 3046809761077487770

115 qw the Shooter (level 5, -1/30 HPs)
             Began as a Gargoyle Hexslinger on July 6, 2023.
             Slain by an orc wizard
             ... wielding a +0 dagger
              (3 damage)
             ... on level 3 of the Dungeon.
             The game lasted 00:00:50 (1976 turns).

qw the Shooter (Gargoyle Hexslinger)                Turns: 1976, Time: 00:00:51

Health: -1/30      AC:  9    Str: 12    XL:     5   Next: 0%
Magic:  6/6        EV: 10    Int: 13    God:
Gold:   182        SH:  0    Dex: 14    Spells: 5/6 levels left

rFire   . . .        Y - +1 sling
rCold   . . .        (no shield)
rNeg    + . .        d - +0 ring mail
rPois   inf          (no helmet)
rElec   +            (no cloak)
rCorr   .            (no gloves)
SInv    +            (no boots)
Will    .....        g - amulet of the acrobat
Stlth   +            f - ring of see invisible
HPRegen 0.25/turn    (no ring)
MPRegen 0.10/turn

%: acrobat
@: no status effects
A: sickness immunity, AC +4, negative energy resistance 1, electricity
resistance, torment resistance 1, petrification resistance
a: no special abilities


You were on level 3 of the Dungeon.
You visited 1 branch of the dungeon, and saw 3 of its levels.

You collected 182 gold pieces.


Innate Abilities, Weirdness & Mutations

You are immune to sickness and miasma.
Your stone body is resilient. (AC +4)
You are immune to poison.
You resist negative energy. (rN+)
You are resistant to electric shocks. (rElec)
You are resistant to unholy torment.
You are immune to petrification.


   Skills:
 - Level 2.0 Fighting
 + Level 4.5 Ranged Weapons
 - Level 1.0 Armour
 - Level 1.5 Dodging
 - Level 1.0 Spellcasting
 - Level 2.6 Hexes


You had 5 spell levels left.
You knew the following spells:

 Your Spells              Type           Power      Damage    Failure   Level
a - Slow                  Hex            28%        N/A       22%         1

Your spell library contained the following spells:

 Spells                   Type           Power      Damage    Failure   Level
 Inner Flame              Hex/Fire       4%         N/A       73%         3
 Portal Projectile        Hex/Tloc       8%         N/A       73%         3
 Cause Fear               Hex            3%         N/A       91%         4

Inventory:

Hand Weapons
 Y - a +1 sling (weapon)
Armour
 d - a +0 ring mail (worn)
 h - a +0 pair of gloves
 l - a +2 leather armour of fire resistance
Jewellery
 f - a ring of see invisible (left hand)
 g - an amulet of the acrobat (around neck)
 i - a ring of ice
Wands
 k - a wand of digging (5)
Scrolls
 j - a scroll of identify
Potions
 a - a potion of cancellation {unknown}
 b - a potion of might {unknown}
 c - 2 potions of degeneration {unknown}
 e - a potion of enlightenment {unknown}

Dungeon Overview and Level Annotations

Branches:
Dungeon (3/15)

Altars:
Kikubaaqudgha


Message History

The orc hits you but does no damage. The orc wizard barely misses you.
You shoot a sling bullet.
The sling bullet hits the orc wizard but does no damage.
The orc wizard is almost dead.
The orc hits you but does no damage.
The orc wizard hits you but does no damage.
The orc wizard closely misses you. The orc hits you but does no damage.
You shoot a sling bullet.
The sling bullet barely misses the orc wizard.
The orc wizard hits you but does no damage.
The orc hits you but does no damage.
You shoot a sling bullet.
The sling bullet hits the orc wizard but does no damage.
The orc wizard is almost dead.
The orc wizard closely misses you. The orc hits you but does no damage.
You shoot a sling bullet.
The sling bullet barely misses the orc wizard.
The orc closely misses you. The orc wizard closely misses you.
You shoot a sling bullet.
The sling bullet closely misses the orc wizard.
The orc hits you with a +0 whip.
The orc wizard hits you but does no damage.
The orc wizard barely misses you. The orc barely misses you.
You shoot a sling bullet.
The sling bullet hits the orc wizard but does no damage.
The orc wizard is almost dead.
The orc wizard gestures at you while chanting.
The magic dart hits you! The orc hits you with a +0 whip.
You shoot a sling bullet.
The sling bullet hits the orc wizard but does no damage.
The orc wizard is almost dead.
The orc hits you with a +0 whip.
The orc wizard gestures at you while chanting.
The magic dart hits you.
You shoot a sling bullet.
The sling bullet closely misses the orc wizard.
The orc hits you but does no damage.
The orc wizard hits you but does no damage.
The orc wizard hits you with a +0 dagger.
You die...

#....######
###........
.#
###.#######
># .##..# .#
.###.# .#
.))..# .#
####.# ##o#
# #.## #oo#
#..### #@#
##...# #.#
###.### ##.#
#...#####..#
###.....#.##
#####...#
#####


You could see an orc wizard (invisible) and 2 orcs.

Vanquished Creatures
  A gnoll (D:3)
  3 adders (D:3)
  A worm (D:2)
  3 dart slugs
  5 orcs (D:3)
  8 endoplasms
  A giant cockroach (D:3)
  6 goblins
  6 hobgoblins
  4 jackals (D:1)
  4 quokkas
  4 ball pythons
  4 bats
  2 frilled lizards (D:3)
  5 kobolds
  3 rats
60 creatures vanquished.

Notes
Turn   | Place    | Note
-------+----------+-------------------------------------------
     0 | D:1      | qw the Gargoyle Hexslinger began the quest for the Orb.
     0 | D:1      | Reached XP level 1. HP: 12/12 MP: 2/2
     0 | D:1      | 0 ||| qw: Version: 0.3-a-46-gb1f654a
     0 | D:1      | 0 ||| qw: Game counter: 1664
     0 | D:1      | 0 ||| qw: Melee chars always use a shield: true
     0 | D:1      | 0 ||| qw: God list: Okawaru
     0 | D:1      | 0 ||| qw: Allow faded altars: false
     0 | D:1      | 0 ||| qw: Do Orc after clearing Dungeon:15 true
     0 | D:1      | 0 ||| qw: Do second Lair branch before Depths: true
     0 | D:1      | 0 ||| qw: Lair rune preference: random
     0 | D:1      | 0 ||| qw: Goals: Normal
     0 | D:1      | 0 ||| PLANNING D:1-11
   145 | D:1      | Reached XP level 2. HP: 13/16 MP: 3/3
   152 | D:1      | HP: 3/16 [dart slug (3)]
   156 | D:1      | HP: 1/16 [bat (1)]
   283 | D:1      | Reached skill level 3 in Ranged Weapons
   627 | D:1      | Reached XP level 3. HP: 21/21 MP: 4/4
   689 | D:1      | 689 ||| UPGRADING to +0 leather armour.
   699 | D:1      | 699 ||| DROPPING +0 robe.
   700 | D:1      | 700 ||| UPGRADING to ring of see invisible.
   701 | D:1      | 701 ||| READING scroll labelled QYOFFE YSEHE.
   702 | D:1      | 702 ||| READING scroll labelled SECSUE ARPHOCWE.
   705 | D:1      | 705 ||| READING scroll labelled NUPHUHEXKI.
   706 | D:1      | 706 ||| DROPPING scroll of poison.
   737 | D:2      | Found a faded altar of an unknown god.
   763 | D:2      | Found an ancient bone altar of Kikubaaqudgha.
  1389 | D:2      | 1389 ||| UPGRADING to +0 ring mail.
  1399 | D:2      | 1399 ||| DROPPING +0 leather armour.
  1400 | D:2      | 1400 ||| UPGRADING to amulet of the acrobat.
  1405 | D:2      | 1405 ||| READING scroll labelled QEH PATZAGA IRELA.
  1406 | D:2      | 1406 ||| DRINKING 2 fuming orange potions.
  1409 | D:2      | 1409 ||| DROPPING potion of ambrosia.
  1522 | D:3      | Reached XP level 4. HP: 26/26 MP: 5/5
  1586 | D:3      | Reached skill level 4 in Ranged Weapons
  1664 | D:3      | Reached skill level 1 in Armour
  1963 | D:3      | Reached XP level 5. HP: 27/30 MP: 6/6
  1974 | D:3      | HP: 7/30 [orc/+0 whip (1)]
  1975 | D:3      | HP: 2/30 [orc wizard/magic dart (2)]
  1976 | D:3      | Slain by an orc wizard

Levels and vault maps discovered:
D:1:      ldierk_walled_garden_2, layout_loops_ring
D:2:      layout_loops_ring, hellmonk_ecumenical_altar_crossroads, basic_altar
D:3:      minmay_skewed_foursquare, layout_rooms

Skill      XL: |  1  2  3  4 |
---------------+-------------+-----
Ranged Weapons | 3 4 |  4.5
Fighting       | 2 |  2.0
Armour         | 1 |  1.0
Dodging        | |  1.5
Spellcasting   | |  1.0
Hexes          | |  2.6

Action                     |  1- 3 |  4- 6 || total
---------------------------+-------+-------++-------
   Fire: Sling             |   114 |    98 ||   212
    Use: Scroll            |     4 |       ||     4
         Potion            |     1 |       ||     1
 Armour: Robe              |    14 |       ||    14
         Ring mail         |    12 |    28 ||    40
         Leather armour    |     5 |       ||     5
  Dodge: Dodged            |    41 |    35 ||    76

Table legend:
 A = Non-vault XP
 B = Vault XP
 C = Vault XP percentage of total XP
 D = Non-vault monster count
 E = Vault monster count
 F = Vault count percentage of total count
                 A         B        C        D         E       F
            +---------+---------+-------+---------+---------+-------
      Total |     141 |      24 |  14.5 |      53 |       7 |  11.7
            +---------+---------+-------+---------+---------+-------
        D:1 |      35 |       0 |   0.0 |      18 |       0 |   0.0
        D:2 |      27 |       0 |   0.0 |      13 |       0 |   0.0
        D:3 |      79 |      24 |  23.3 |      22 |       7 |  24.1
            +---------+---------+-------+---------+---------+-------
